Unix NetHack Version 3.7.0-97 Work-in-progress - last build Feb 8 2024 15:05:57 (6d6cdf8371b60126770a3d7b88910941cb14a054,branch:master). Game began 2024-02-11 11:35:34, ended 2024-02-12 13:37:08. elenmirie, neutral female gnomish Archeologist ----- ....----------------------------- |.... # #................................. |...| #)##### ##....--....-----.-----|-..-----..| |.<..#### ##)0#.....|---.|...|.|..|..|..|(((|..| |...| # # ..|..|..|.|._.%.-..|..|..|((.|..| |...+ ..-|-|.i|.|...|.--------.|...|..| ---+- # .....|.@|.|...|.. |.-|---..| ##### ###|.{..--+-.----|.... |........| ########-.....?....-..|+--.-----..-----.| ## ## #|....--|-..| | |........-.!!|.| #######*# |..-+-..|.-- --- -....|.(%|[| # * ## * |... |..|)+ ---- ----.-----)| -----.- # .....|---.| |..| +....[))| |....^| # ..|..|....| |..| |.....).| |.>....)## ..----....------|--------.....{.+ |.....| ................................| ------- .-------------------------------- Elenmirie the Investigator St:14 Dx:12 Co:13 In:14 Wi:17 Ch:9 Neutral Dlvl:8 $:55 HP:0(46) Pw:20(20) AC:7 Xp:6/371 T:4426 Hungry Latest messages: You lash the winter wolf cub. The winter wolf cub bites! You hear some noises in the distance. You miss the winter wolf cub. The winter wolf cub bites! You kill the winter wolf cub! The winter wolf cub breathes frost! The blast of frost hits Coco! The blast of frost hits you! Coco misses the winter wolf cub. In what direction? j The door resists! In what direction? j The door closes. What do you want to use or apply? [ae-gintuwxBI or ?*] e In what direction? j Lock it? [ynq] (q) y You succeed in locking the door. You hear some noises. You hear the chime of a cash register. You hear some noises. You hear some noises. You hear some noises in the distance. You hear some noises. You hear some noises. You have a sad feeling for a moment, then it passes. You hear someone cursing shoplifters. You are beginning to feel hungry. You stop searching. The tengu appears next to you! You stop searching. You miss the tengu. The tengu bites! You lash the tengu. The tengu bites! You lash the tengu. The tengu bites! You lash the tengu! The tengu bites! You lash the tengu. The tengu bites! You lash the tengu! The tengu bites! The tengu bites! You die... Do you want your possessions identified? [ynq] (y) y Do you want to see your attributes? [ynq] (y) y Do you want an account of creatures vanquished? [ynaq] (y) y Do you want to see your conduct and achievements? [ynq] (y) y Do you want to see the dungeon overview? [ynq] (y) y Inventory: Coins $ - 55 gold pieces Weapons k - 46 uncursed +0 darts (at the ready) O - 8 uncursed +0 shuriken p - an uncursed +0 elven dagger a - an uncursed +2 bullwhip (weapon in right hand) Armor c - an uncursed +0 fedora (being worn) E - a blessed rotted +2 cloak of magic resistance (being worn) b - an uncursed +0 leather jacket (being worn) Comestibles d - 3 uncursed food rations j - an uncursed partly eaten food ration N - an uncursed fortune cookie v - an uncursed tripe ration Wands B - an uncursed wand of cold (0:1) i - an uncursed wand of light (0:13) I - an uncursed wand of striking (0:2) f - a cursed wand of teleportation (0:4) Tools w - an uncursed sack containing 10 items x - an uncursed blindfold n - a cursed blindfold e - a cursed skeleton key t - an uncursed tinning kit (0:92) u - an uncursed +0 unicorn horn Gems/Stones g - an uncursed touchstone Contents of the sack: 1587 gold pieces an uncursed scroll of enchant armor an uncursed scroll of identify an uncursed scroll of light an uncursed scroll of magic mapping a cursed scroll of punishment a blessed scroll of remove curse an uncursed potion of monster detection an uncursed potion of sickness an uncursed +0 pick-axe Elenmirie the Archeologist's attributes: Background: You were an Investigator, a level 6 female gnomish Archeologist. You were neutral, on a mission for Camaxtli who was opposed by Quetzalcoatl (lawful) and Huhetotl (chaotic). You were right-handed. You were in the Gnomish Mines, on level 8. You entered the dungeon 4426 turns ago. You had 371 experience points, 269 more were needed to attain level 7. Basics: You had 0 out of 46 hit points. You had all 20 energy points (spell power). Your armor class was 7. Your wallet contained 55 zorkmids, and you had 1587 more stashed away in your pack. Autopickup was on for '$' plus thrown. Final Characteristics: Your strength was 14 (limit:18/50). Your dexterity was 12 (limit:18). Your constitution was 13 (limit:18). Your intelligence was 14 (limit:19). Your wisdom was 17 (limit:18). Your charisma was 9 (limit:18). Final Status: You were hungry. You were unencumbered. You were wielding a whip. You were skilled in whip. Final Attributes: You were piously aligned. You were magic-protected. You were telepathic. You had automatic searching. You had infravision. You were stealthy. You were warded. You are dead. Miscellaneous: You never encountered a bones level. Total elapsed playing time was 2 hours, 17 minutes and 3 seconds. Major events: Turn 1: elenmirie the neutral female gnomish Archeologist entered the dungeon 1348: attained the rank of Field Worker (level 3) 1615: entered the Gnomish Mines 3627: reached Mine Town 4196: attained the rank of Investigator (level 6) 4426: killed by a tengu Vanquished creatures: a large cat a wolf 2 winter wolf cubs a white unicorn a gnome mummy 2 bugbears an imp a water nymph 6 Mordor orcs an orc shaman a rock piercer a yellow light a ghoul 5 giant ants a floating eye a centipede 3 dwarf zombies 2 iguanas 4 killer bees an acid blob 2 coyotes 3 hobbits 2 hobgoblins 3 giant rats 4 cave spiders a green mold 4 gnomes 3 garter snakes a gnome zombie 6 geckos 6 jackals a fox 3 kobolds 2 goblins a sewer rat 3 grid bugs 2 bats a lichen a kobold zombie a newt 87 creatures vanquished. No species were genocided or became extinct. Voluntary challenges: You read items or engraved 5 times. You never engraved Elbereth. You never genocided any monsters. You never polymorphed an object. You never changed form. You used no wishes. Achievements: You entered a shop. You attained the rank of Field Worker. You entered the Gnomish Mines. You entered Minetown. You entered a temple. You attained the rank of Investigator. The Dungeons of Doom: levels 1 to 6 Level 1: Level 2: Level 3: An altar, some fountains. Level 4: Stairs down to The Gnomish Mines. Level 5: An altar to Camaxtli, a fountain. Level 6: The Gnomish Mines: levels 5 to 8 Level 5: Level 6: Level 7: Level 8: <- You were here. A temple and an altar, some fountains. Final resting place for you, killed by a tengu. Game over: ---------- / \ / REST \ / IN \ / PEACE \ / \ | elenmirie | | 1642 Au | | killed by a | | tengu | | | | | | 2024 | *| * * * | * _________)/\\_//(\/(/\)/\//\/|_)_______ Goodbye elenmirie the Archeologist... You died in The Gnomish Mines on dungeon level 8 with 3352 points, and 1642 pieces of gold, after 4426 moves. You were level 6 with a maximum of 46 hit points when you died.